TOP OF THE 1ST |
Auburn Doubledays batting - Pitching for Batavia Muckdogs : RHP Eric Stevenson
|
Pitching: RHP Eric Stevenson
|
|
Batting: RHB Taffounnout Kame
|
0-0: Ball 1-0: Swinging Strike 1-1: Swinging Strike 1-2: Ball 2-2: Strikes out swinging
|
Batting: RHB Justin Van Houten
|
0-0: Foul Ball, location: 2F 0-1: Ball 1-1: Ground out 4-3 (Groundball, 4S, EV 81.9 MPH)
|
Batting: LHB Vince McLane
|
0-0: Ground out 4-3 (Groundball, 4, EV 86.9 MPH)
|
Top of the 1st over - 0 runs, 0 hits, 0 errors, 0 left on base; Auburn 0 - Batavia 0 |
BOTTOM OF THE 1ST |
Batavia Muckdogs batting - Pitching for Auburn Doubledays : RHP Josh Wellman
|
Pitching: RHP Josh Wellman
|
|
Batting: RHB Harrie de Kam
|
0-0: Ball 1-0: Called Strike 1-1: Swinging Strike 1-2: Ball 2-2: Strikes out swinging
|
Batting: LHB Angelo Estrella
|
0-0: Ball 1-0: Ball 2-0: Called Strike 2-1: Ground out 3-1 (Groundball, 34S, EV 75.6 MPH)
|
Batting: RHB Erik Coleman
|
0-0: Ball 1-0: Called Strike 1-1: SOLO HOME RUN (Line Drive, 7LD, EV 99.4 MPH), Distance : 355 ft
|
Batting: RHB Miguel Velasco
|
0-0: Foul Ball, location: 2F 0-1: Ball 1-1: Ball 2-1: Called Strike 2-2: Ball 3-2: Strikes out swinging
|
Bottom of the 1st over - 1 run, 1 hit, 0 errors, 0 left on base; Auburn 0 - Batavia 1 |
TOP OF THE 2ND |
Auburn Doubledays batting - Pitching for Batavia Muckdogs : RHP Eric Stevenson
|
Batting: RHB Justin Davenport
|
0-0: Ball 1-0: Called Strike 1-1: Ball 2-1: Called Strike 2-2: Ball 3-2: Base on Balls
|
Batting: RHB Er Le
|
0-0: Ball 1-0: Foul Ball, location: 2F 1-1: Ball 2-1: Called Strike 2-2: Ball 3-2: Foul Ball, location: 2F 3-2: Strikes out looking
|
Batting: RHB Jelexiz Cuenca
|
0-0: Foul Ball, location: 2F 0-1: Foul Ball, location: 2F 0-2: Grounds into double play, 5-4-3 (Groundball, 5L, EV 108.8 MPH)
|
Top of the 2nd over - 0 runs, 0 hits, 0 errors, 0 left on base; Auburn 0 - Batavia 1 |
BOTTOM OF THE 2ND |
Batavia Muckdogs batting - Pitching for Auburn Doubledays : RHP Josh Wellman
|
Batting: LHB Matt McKeon
|
0-0: Called Strike 0-1: Ground out 6-3 (Groundball, 6, EV 84.4 MPH)
|
Batting: RHB J.D. Vander Klok
|
0-0: Ball 1-0: Foul Ball, location: 2F 1-1: Ball 2-1: SINGLE (Line Drive, 4D, EV 98.1 MPH)
|
Batting: RHB Andy Kelly
|
0-0: Ball 1-0: Ball 2-0: Called Strike 2-1: Swinging Strike 2-2: Strikes out swinging
|
Batting: RHB Eric Jordan
|
0-0: Ball 1-0: Called Strike 1-1: Foul Ball, location: 2F 1-2: Strikes out swinging
|
Bottom of the 2nd over - 0 runs, 1 hit, 0 errors, 1 left on base; Auburn 0 - Batavia 1 |
TOP OF THE 3RD |
Auburn Doubledays batting - Pitching for Batavia Muckdogs : RHP Eric Stevenson
|
Batting: RHB Steve Kunselman
|
0-0: Foul Ball, location: 2F 0-1: Ball 1-1: Ball 2-1: Fly out, F4 (Flyball, 6MD, EV 86.9 MPH)
|
Batting: RHB Aaron Bateman
|
0-0: Ball 1-0: Swinging Strike 1-1: Foul Ball, location: 2F 1-2: Strikes out swinging
|
Batting: RHB Sentos Alatas
|
0-0: Ball 1-0: Ball 2-0: Called Strike 2-1: Foul Ball, location: 2F 2-2: Foul Ball, location: 2F 2-2: Foul Ball, location: 2F 2-2: Foul Ball, location: 2F 2-2: Ball 3-2: Strikes out looking
|
Top of the 3rd over - 0 runs, 0 hits, 0 errors, 0 left on base; Auburn 0 - Batavia 1 |
BOTTOM OF THE 3RD |
Batavia Muckdogs batting - Pitching for Auburn Doubledays : RHP Josh Wellman
|
Batting: RHB Jeremy Dennis
|
0-0: Called Strike 0-1: Ball 1-1: Ball 2-1: Ball 3-1: Foul Ball, location: 2F 3-2: Strikes out swinging
|
Batting: RHB Harrie de Kam
|
0-0: Foul Ball, location: 2F 0-1: Ball 1-1: Foul Ball, location: 2F 1-2: Ball 2-2: Ball 3-2: Base on Balls
|
Batting: LHB Angelo Estrella
|
0-0: Called Strike Harrie de Kam steals 2nd base 0-1: Ball 1-1: Swinging Strike 1-2: Strikes out swinging
|
Batting: RHB Erik Coleman
|
0-0: Called Strike 0-1: Ground out U3 (Groundball, 34D, EV 78.8 MPH)
|
Bottom of the 3rd over - 0 runs, 0 hits, 0 errors, 1 left on base; Auburn 0 - Batavia 1 |
TOP OF THE 4TH |
Auburn Doubledays batting - Pitching for Batavia Muckdogs : RHP Eric Stevenson
|
Batting: RHB Taffounnout Kame
|
0-0: Ball 1-0: Swinging Strike 1-1: Ball 2-1: Ground out U3 (Groundball, 3L, EV 98.8 MPH)
|
Batting: RHB Justin Van Houten
|
0-0: Ball 1-0: Ball 2-0: Ground out U3 (Groundball, 34S, EV 91.9 MPH)
|
Batting: LHB Vince McLane
|
0-0: Called Strike 0-1: Ball 1-1: Fly out, F8 (Flyball, 8LD, EV 93.8 MPH)
|
Top of the 4th over - 0 runs, 0 hits, 0 errors, 0 left on base; Auburn 0 - Batavia 1 |
BOTTOM OF THE 4TH |
Batavia Muckdogs batting - Pitching for Auburn Doubledays : RHP Josh Wellman
|
Batting: RHB Miguel Velasco
|
0-0: Ball 1-0: Ball 2-0: Ball 3-0: Base on Balls
|
Batting: LHB Matt McKeon
|
0-0: Foul Ball, location: 2F 0-1: SINGLE (Flyball, 34D, EV 90.6 MPH) Miguel Velasco to second
|
Batting: RHB J.D. Vander Klok
|
0-0: Called Strike 0-1: Ball 1-1: Foul Ball, location: 2F 1-2: Foul Ball, location: 2F 1-2: Foul Ball, location: 2F 1-2: Grounds into double play, 6-4-3 (Groundball, 6, EV 104.4 MPH) Miguel Velasco to third
|
Batting: RHB Andy Kelly
|
0-0: Called Strike 0-1: Ball Wild Pitch! Miguel Velasco scores 1-1: Swinging Strike 1-2: SINGLE (Line Drive, 56, EV 98.1 MPH)
|
Batting: RHB Eric Jordan
|
0-0: SINGLE (Line Drive, 3D, EV 94.4 MPH) Andy Kelly to second Runner from 2nd tries for 3rd, SAFE, no throw by RF
|
Batting: RHB Jeremy Dennis
|
0-0: Ball 1-0: Called Strike 1-1: Ball 2-1: Fielders Choice at 2nd, 6-4 (Groundball, 6, EV 89.4 MPH)
|
Bottom of the 4th over - 1 run, 3 hits, 0 errors, 2 left on base; Auburn 0 - Batavia 2 |
TOP OF THE 5TH |
Auburn Doubledays batting - Pitching for Batavia Muckdogs : RHP Eric Stevenson
|
Batting: RHB Justin Davenport
|
0-0: Ball 1-0: Ball 2-0: Ball 3-0: Called Strike 3-1: Called Strike 3-2: Base on Balls
|
Batting: RHB Er Le
|
0-0: SINGLE (Groundball, 4D, EV 94.4 MPH) Justin Davenport to second Runner from 2nd tries for 3rd, SAFE, throw by RF made to third
|
Batting: RHB Jelexiz Cuenca
|
0-0: Called Strike 0-1: Ball 1-1: Foul Ball, location: 2F 1-2: Strikes out swinging
|
Batting: RHB Steve Kunselman
|
0-0: Ball 1-0: Foul Ball, location: 2F 1-1: SINGLE (Groundball, 34S, EV 68.8 MPH) (infield hit) Er Le to second
|
Batting: RHB Aaron Bateman
|
0-0: Ball 1-0: Ball Wild Pitch! Justin Davenport scores Er Le to third Steve Kunselman to second 2-0: Ground out 5-3 (Groundball, 56, EV 90.0 MPH)
|
Batting: RHB Sentos Alatas
|
0-0: Called Strike 0-1: Ball 1-1: Foul Ball, location: 2F 1-2: Foul Ball, location: 2F 1-2: Ball 2-2: Strikes out swinging
|
Top of the 5th over - 1 run, 2 hits, 0 errors, 2 left on base; Auburn 1 - Batavia 2 |
BOTTOM OF THE 5TH |
Batavia Muckdogs batting - Pitching for Auburn Doubledays : RHP Josh Wellman
|
Batting: RHB Harrie de Kam
|
0-0: Called Strike 0-1: Called Strike 0-2: Strikes out looking
|
Batting: LHB Angelo Estrella
|
0-0: Called Strike 0-1: SOLO HOME RUN (Flyball, 9LD, EV 94.4 MPH), Distance : 332 ft
|
Batting: RHB Erik Coleman
|
0-0: Ball 1-0: Ground out 4-3 (Groundball, 4MS, EV 83.8 MPH)
|
Batting: RHB Miguel Velasco
|
0-0: Ball 1-0: Called Strike 1-1: Ball 2-1: Ground out 4-3 (Groundball, 4, EV 97.5 MPH)
|
Bottom of the 5th over - 1 run, 1 hit, 0 errors, 0 left on base; Auburn 1 - Batavia 3 |
TOP OF THE 6TH |
Auburn Doubledays batting - Pitching for Batavia Muckdogs : RHP Eric Stevenson
|
Batting: RHB Taffounnout Kame
|
0-0: Ball 1-0: Ball 2-0: Foul Ball, location: 2F 2-1: Ball 3-1: Base on Balls
|
Batting: RHB Justin Van Houten
|
0-0: Foul Ball, location: 2F 0-1: Called Strike 0-2: Ball 1-2: Foul Ball, location: 2F 1-2: Ball 2-2: Strikes out swinging
|
Batting: LHB Vince McLane
|
0-0: Called Strike 0-1: Foul Ball, location: 2F 0-2: Ball 1-2: Ball 2-2: Foul Ball, location: 2F 2-2: Ball Taffounnout Kame is caught stealing 2nd base 2-6 3-2: DOUBLE (Groundball, 3L, EV 104.4 MPH)
|
Batting: RHB Justin Davenport
|
0-0: Ball 1-0: Called Strike 1-1: Ball 2-1: Foul Ball, location: 2F 2-2: Ball 3-2: Strikes out swinging
|
Top of the 6th over - 0 runs, 1 hit, 0 errors, 1 left on base; Auburn 1 - Batavia 3 |
BOTTOM OF THE 6TH |
Batavia Muckdogs batting - Pitching for Auburn Doubledays : RHP Josh Wellman
|
Pitching: LHP Willie Rivera
|
|
Batting: LHB Matt McKeon
|
0-0: Ball 1-0: Ball 2-0: Foul Ball, location: 2F 2-1: Foul Ball, location: 2F 2-2: TRIPLE (Flyball, 9LD, EV 105.0 MPH)
|
Batting: RHB J.D. Vander Klok
|
0-0: Called Strike 0-1: Ball 1-1: Called Strike 1-2: Ball 2-2: SINGLE (Groundball, 4M, EV 86.9 MPH) (infield hit) Matt McKeon scores
|
Batting: RHB Andy Kelly
|
0-0: Called Strike 0-1: Ground out 4-3 (Groundball, 34, EV 79.4 MPH) J.D. Vander Klok to second
|
Batting: RHB Eric Jordan
|
0-0: Swinging Strike 0-1: Ball 1-1: 2-RUN HOME RUN (Flyball, 7LD, EV 92.5 MPH), Distance : 347 ft
|
Batting: RHB Jeremy Dennis
|
0-0: SOLO HOME RUN (Line Drive, 78XD, EV 104.4 MPH), Distance : 405 ft
|
Pitching: RHP Josh Jenkins
|
|
Batting: RHB Harrie de Kam
|
0-0: SINGLE (Groundball, 6S, EV 70.0 MPH) (infield hit)
|
Batting: LHB Angelo Estrella
|
0-0: Ball Harrie de Kam steals 2nd base 1-0: Ball Harrie de Kam steals 3rd base (no throw) 2-0: Called Strike 2-1: Called Strike 2-2: Foul Ball, location: 2F 2-2: Ground out 1-3 (Groundball, 23, EV 73.8 MPH)
|
Batting: RHB Erik Coleman
|
0-0: Ball 1-0: Ball 2-0: Ball 3-0: Called Strike 3-1: Foul Ball, location: 2F 3-2: Strikes out looking
|
Bottom of the 6th over - 4 runs, 5 hits, 0 errors, 1 left on base; Auburn 1 - Batavia 7 |
TOP OF THE 7TH |
Auburn Doubledays batting - Pitching for Batavia Muckdogs : RHP Eric Stevenson
|
Pitching: LHP Aaron Gilmore
|
|
Batting: RHB Er Le
|
0-0: Foul Ball, location: 2F 0-1: Called Strike 0-2: Ball 1-2: Strikes out swinging
|
Batting: RHB Jelexiz Cuenca
|
0-0: Called Strike 0-1: Foul Ball, location: 2F 0-2: Strikes out looking
|
Batting: RHB Steve Kunselman
|
0-0: Called Strike 0-1: Ground out 6-3 (Groundball, 6, EV 92.5 MPH)
|
Top of the 7th over - 0 runs, 0 hits, 0 errors, 0 left on base; Auburn 1 - Batavia 7 |
BOTTOM OF THE 7TH |
Batavia Muckdogs batting - Pitching for Auburn Doubledays : RHP Josh Jenkins
|
Batting: RHB Miguel Velasco
|
0-0: SINGLE (Flyball, 3D, EV 96.2 MPH)
|
Batting: LHB Matt McKeon
|
0-0: Called Strike 0-1: Foul Ball, location: 2F 0-2: Ball 1-2: Strikes out looking
|
Batting: RHB J.D. Vander Klok
|
0-0: Ball 1-0: Fielders Choice at 2nd, 6-4 (Groundball, 6, EV 91.2 MPH)
|
Batting: RHB Andy Kelly
|
0-0: Ball 1-0: Ball 2-0: 2-RUN HOME RUN (Flyball, 7LD, EV 90.6 MPH), Distance : 345 ft
|
Batting: RHB Eric Jordan
|
0-0: Called Strike 0-1: Ball 1-1: Swinging Strike 1-2: Strikes out swinging
|
Bottom of the 7th over - 2 runs, 2 hits, 0 errors, 0 left on base; Auburn 1 - Batavia 9 |
TOP OF THE 8TH |
Auburn Doubledays batting - Pitching for Batavia Muckdogs : LHP Aaron Gilmore
|
Batting: RHB Aaron Bateman
|
0-0: Called Strike 0-1: Swinging Strike 0-2: Ball 1-2: Ball 2-2: Ball 3-2: Foul Ball, location: 2F 3-2: Strikes out swinging
|
Batting: RHB Sentos Alatas
|
0-0: Called Strike 0-1: Ball 1-1: Called Strike 1-2: Strikes out swinging
|
Batting: RHB Taffounnout Kame
|
0-0: Foul Ball, location: 2F 0-1: Foul Ball, location: 2F 0-2: Ball 1-2: Fly out, F8 (Flyball, 8LD, EV 95.0 MPH)
|
Top of the 8th over - 0 runs, 0 hits, 0 errors, 0 left on base; Auburn 1 - Batavia 9 |
BOTTOM OF THE 8TH |
Batavia Muckdogs batting - Pitching for Auburn Doubledays : RHP Josh Jenkins
|
Batting: RHB Jeremy Dennis
|
0-0: Foul Ball, location: 2F 0-1: Ball 1-1: Called Strike 1-2: Ball 2-2: Foul Ball, location: 2F 2-2: Foul Ball, location: 2F 2-2: Ball 3-2: Strikes out swinging
|
Batting: RHB Harrie de Kam
|
0-0: Ball 1-0: Ball 2-0: Ball 3-0: Called Strike 3-1: Ground out 1-3 (Groundball, 13, EV 68.1 MPH)
|
Batting: LHB Angelo Estrella
|
0-0: Ball 1-0: Ball 2-0: Foul Ball, location: 2F 2-1: Ball 3-1: Swinging Strike 3-2: Base on Balls
|
Batting: RHB Erik Coleman
|
0-0: DOUBLE (Line Drive, 9LM, EV 98.1 MPH) Angelo Estrella to third Runner from 3rd tries for Home, SAFE, no throw by RF
|
Pitching: RHP Nate Vandergriff
|
|
Batting: RHB Miguel Velasco
|
0-0: Swinging Strike 0-1: Foul Ball, location: 2F 0-2: Foul Ball, location: 2F 0-2: Foul Ball, location: 2F 0-2: SINGLE (Groundball, 34D, EV 99.4 MPH) Erik Coleman to third Runner from 3rd tries for Home, SAFE, throw by RF to home Miguel Velasco to second
|
Batting: LHB Matt McKeon
|
0-0: Called Strike 0-1: Ball 1-1: Ball 2-1: Foul Ball, location: 2F 2-2: Foul Ball, location: 2F 2-2: Ball 3-2: Base on Balls
|
Batting: RHB J.D. Vander Klok
|
0-0: Ball 1-0: Called Strike 1-1: Ball 2-1: Swinging Strike 2-2: SINGLE (Groundball, 6MD, EV 94.4 MPH) Miguel Velasco to third Matt McKeon to second Runner from 3rd tries for Home, throw by CF and OUT! 8-2
|
Bottom of the 8th over - 2 runs, 3 hits, 0 errors, 2 left on base; Auburn 1 - Batavia 11 |
TOP OF THE 9TH |
Auburn Doubledays batting - Pitching for Batavia Muckdogs : LHP Aaron Gilmore
|
Pinch Hitting: RHB Chad Madsen
|
0-0: Called Strike 0-1: Called Strike 0-2: Strikes out looking
|
Batting: LHB Vince McLane
|
0-0: Ball 1-0: DOUBLE (Groundball, 3L, EV 103.1 MPH)
|
Pitching: RHP Jason Davis
|
|
Pinch Hitting: SHB Alex Medina
|
0-0: Called Strike 0-1: Ball 1-1: Ball 2-1: Ball 3-1: Base on Balls
|
Batting: RHB Er Le
|
0-0: Swinging Strike 0-1: Foul Ball, location: 2F 0-2: Ball 1-2: Foul Ball, location: 2F 1-2: Ball 2-2: Fly out, F7 (Flyball, 78XD, EV 87.5 MPH)
|
Batting: RHB Jelexiz Cuenca
|
0-0: Ball 1-0: Fly out, F8 (Flyball, 8RD, EV 100.0 MPH)
|
Top of the 9th over - 0 runs, 1 hit, 0 errors, 2 left on base; Auburn 1 - Batavia 11 |
|